[Event "2nd Serbia Open Masters 2022"]
[Site "Novi Sad"]
[Date "2022.06.30"]
[Round "3.7"]
[White "Can, Emre"]
[Black "Ohanyan, Emin"]
[Result "1-0"]
[ECO "E04"]
[WhiteElo "2599"]
[BlackElo "2366"]
[Annotator "TA"]
[PlyCount "127"]
[EventDate "2022.06.28"]
[EventType "swiss"]
[EventCountry "SRB"]
[SourceTitle "playchess.com"]
[Source "ChessBase"]
[SourceQuality "1"]
[TimeControl "40/5400+30:900+30"]

1. d4 Nf6 2. c4 e6 3. g3 d5 4. Bg2 dxc4 5. Nf3 a6 6. O-O Nc6 7. a4 Rb8 8. a5 Bb4 {[%emt 0:07:23] E04: Open Catalan: 5 Nf3.} 9. Na3 c3 10. Qb3 {[%emt 0:03:51] [#]} O-O $146 (10... cxb2 $11 11. Bxb2 Be7) ({Predecessor:} 10... cxb2 11. Bxb2 Bxa5 12. Nc4 Bb6 13. Nxb6 cxb6 14. Ne5 Na5 15. Qa3 Nd7 16. Qe3 O-O 17. Rfd1 Nxe5 18. dxe5 Bd7 19. Rd4 Qc8 20. Rg4 Kh8 21. Qg5 Rg8 22. Rh4 g6 23. Rd1 {1-0 (23) Massimini Gerbino,M (2121)-Van Seben,E (2110) IECG email 2002}) 11. bxc3 $16 Bxa5 12. Nc4 Bb6 13. Qc2 {[%emt 0:26:26] White is more active.} Ba7 14. Bg5 h6 15. Bh4 Ne7 $1 16. Bxf6 gxf6 17. e4 b5 18. Ne3 b4 (18... c5 $11) 19. cxb4 Rxb4 20. Ng4 $36 {[%emt 0:12:58][%mdl 2048] And now Qd2 would win. Keeping Black busy.} Ng6 {[%emt 0:00:15] This move loses the game for Black.} (20... f5 $16 21. Nf6+ (21. Nxh6+ Kg7 $11) 21... Kg7) 21. Qd2 $18 (21. Nxh6+ Kg7 $11) 21... Rxd4 22. Nxd4 ({Stronger than} 22. Nxh6+ Kg7 23. Nxd4 Qxd4 24. Qxd4 Bxd4 $11) 22... Qxd4 23. Qxh6 f5 24. exf5 {[%emt 0:02:04] Dancing on a razor blade.} exf5 25. Ne3 f4 26. Nd5 fxg3 27. hxg3 c6 28. Ne3 Qg7 29. Qxg7+ Kxg7 30. Bxc6 Ne5 31. Bg2 Re8 32. Rfe1 Rd8 33. Rad1 Rh8 (33... Re8 $142 34. Rd5 f6) 34. Rd5 f6 35. Rc1 Bxe3 36. fxe3 Bf5 37. Rd6 Rb8 (37... a5 {keeps fighting.} 38. Rf1 Nc4) 38. Rxa6 Rb3 39. Re1 Kg6 40. Ra2 Kg5 41. Ra8 Be6 42. Ra4 Bc4 43. Ra7 Be6 {[%emt 0:02:39] [#]} (43... Nd3 $16) 44. Rg7+ $1 Kh6 {[%emt 0:00:05] [#]} (44... Ng6 $142 45. Kf2 Ra3) 45. Rb7 $1 Kg5 46. Rxb3 Bxb3 {[%emt 0:00:04][%mdl 4096] Endgame KRB-KBN} 47. Rb1 Bc2 48. Rb8 Bd1 49. Bh3 Bh5 $2 (49... Bc2 {was called for.} 50. Rg8+ Kh6) 50. Rg8+ Kh6 51. Kf2 Nd3+ 52. Kf1 Ne5 $2 (52... Bf7) 53. Be6 Kh7 54. Kg2 $2 (54. g4) 54... Bg6 (54... f5 55. Rf8 Bg6) 55. Rb8 Kh6 (55... Kg7 $142 56. Bd5 Bd3) 56. g4 {[%emt 0:00:23] Threatens to win with Kg3.} Kg5 57. Kg3 {[%emt 0:00:07] Rh8 is the strong threat.} Bh7 58. Rh8 {[%emt 0:03:04] White mates.} Bg6 59. Bf5 Bf7 60. Rh7 Be8 61. Rg7+ Kh6 62. Re7 Bf7 63. Kf4 Bg8 64. g5+ {[%emt 0:00:15] Weighted Error Value: White=0.25 (precise) /Black=0.42} 1-0

[Event "2nd Serbia Open Masters 2022"]
[Site "Novi Sad"]
[Date "2022.06.30"]
[Round "3.8"]
[White "Sanal, Vahap"]
[Black "Tomazini, Zan"]
[Result "1-0"]
[ECO "B52"]
[WhiteElo "2575"]
[BlackElo "2359"]
[Annotator "TA"]
[PlyCount "81"]
[EventDate "2022.06.28"]
[EventType "swiss"]
[EventCountry "SRB"]
[SourceTitle "playchess.com"]
[Source "ChessBase"]
[SourceQuality "1"]
[TimeControl "40/5400+30:900+30"]

1. e4 c5 2. Nf3 d6 3. Bb5+ Bd7 4. Bxd7+ Nxd7 5. O-O g6 6. c3 Bg7 7. d4 Qc7 8. Re1 {[%emt 0:02:25] [#] B52: Sicilian: Moscow Variation with 3...Bd7.} Rd8 $146 ({Predecessor:} 8... Rc8 9. Bf4 Qb6 10. Qe2 Ngf6 11. e5 dxe5 12. dxe5 Nd5 13. Bg3 e6 14. Na3 O-O 15. Rad1 Rfd8 {1-0 (77) Bartel,M (2609)-Suliborski,J (2122) Zgierz 2018}) 9. Na3 a6 10. Qe2 {[%emt 0:01:58] White is slightly better.} e5 11. dxc5 Nxc5 12. Bg5 Rd7 13. Nc4 f6 14. Be3 Nxe4 ({Better is} 14... Ne7 $1 $11) 15. Bb6 $14 Qc6 16. Nd4 Qd5 (16... exd4 $142 17. Qxe4+ Ne7 18. Qxd4 O-O) 17. Ba7 {[%emt 0:04:36] White is more active.} (17. Qxe4 Qxc4 18. Rad1 Ne7 $17) 17... f5 18. Nb6 Qf7 19. Nxd7 Qxd7 20. f3 Ng5 21. f4 (21. Rad1 $16) 21... Ne4 22. Nf3 exf4 23. Qd2 Be5 24. Qc2 Ne7 25. Rad1 $36 {[%emt 0:02:06][%mdl 2048] White fights for an advantage.} Qe6 26. Nd2 Nc6 {[%emt 0:01:08] Pair of Knights!} 27. Bb6 (27. Nxe4 fxe4 28. Bb6 (28. Qxe4 Nxa7 29. Qxb7 Nc8 $17) 28... e3 $15) 27... Nf6 (27... d5 28. Qb3 Kf7 29. Nf3 $16) 28. Qa4 {[%emt 0:03:29] Strongly threatening Nc4.} g5 $2 (28... Ke7 $11) 29. Nf3 $2 (29. Nc4 $18 {is the precise move to win. Rxd6 is the strong threat.} Kf7 {[#]} 30. Nxd6+ $1 Kg7 31. Nxb7) 29... h6 $2 {[%emt 0:00:24] A mistake that costs the game.} (29... O-O $16) 30. Nxe5 $18 dxe5 31. Rd8+ $1 {[%emt 0:00:08][%mdl 64] [#] Skewer} Kf7 32. Rxh8 Kg7 33. Ra8 f3 34. Qb3 Qe7 35. gxf3 e4 36. Bd4 Nxd4 37. cxd4 {[%emt 0:00:05] Threatens to win with Ra7.} Qd6 38. fxe4 fxe4 39. Qxb7+ {[%emt 0:00:29] White mates.} Kg6 40. Rxa6 ({Not} 40. Ra7 Qxd4+ 41. Kf1 (41. Kh1 Qf2 $11) 41... Qd3+ 42. Kg1 Qd4+ 43. Kg2 (43. Kh1 Qf2 $11) 43... Qd2+ 44. Kf1 Qd3+ 45. Kg1 Qd4+ $11) 40... Qxd4+ 41. Kh1 {[%emt 0:00:15] Weighted Error Value: White=0.38/Black=0.58} 1-0

[Event "2nd Serbia Open Masters 2022"]
[Site "Novi Sad"]
[Date "2022.06.30"]
[Round "3.9"]
[White "Fataliyeva, Ulviyya"]
[Black "Perunovic, Milos"]
[Result "1/2-1/2"]
[ECO "A57"]
[WhiteElo "2348"]
[BlackElo "2544"]
[Annotator "TA"]
[PlyCount "92"]
[EventDate "2022.06.28"]
[EventType "swiss"]
[EventCountry "SRB"]
[SourceTitle "playchess.com"]
[Source "ChessBase"]
[SourceQuality "1"]
[TimeControl "40/5400+30:900+30"]

1. d4 Nf6 2. c4 c5 3. d5 b5 4. cxb5 a6 5. e3 g6 6. h4 {[%emt 0:00:32] A57: Benko/Volga Gambit.} Bg7 7. Nc3 O-O 8. a4 {[%emt 0:00:08] White has an edge.} (8. h5 {with more complications.} axb5 9. hxg6 hxg6 10. Bxb5 e6 11. dxe6 dxe6 12. Qf3) 8... Bb7 9. Nf3 e6 10. dxe6 dxe6 11. Qxd8 Rxd8 12. Bd2 {[%emt 0:00:05] [#]} axb5 $146 ({Predecessor:} 12... Ne8 13. Rc1 axb5 14. axb5 Nd7 15. Be2 Nb6 16. h5 Nd6 17. Rh4 Ra7 18. Nd1 Bf6 {½-½ (26) Leimgruber,R (2452)-Laghetti,G (2472) ICCF email 2017}) 13. Bxb5 Nc6 14. Ke2 Na5 15. Rhd1 Nb3 (15... Ne8 $14) 16. Ra3 $16 Nxd2 17. Nxd2 Nd5 ({But not} 17... Bxg2 $6 18. a5 $11) 18. Nc4 Rdb8 19. Nd6 Nxc3+ 20. bxc3 Bxg2 21. f3 e5 22. c4 {[%emt 0:01:08] White is more active.} Rd8 (22... Bf6 $142) 23. Rad3 f5 (23... Bf6 $142) 24. e4 Bh3 25. Kf2 f4 26. Nb7 (26. Rd5 $16) 26... Rd4 ({Black should try} 26... Rxd3 $14 27. Rxd3 Bf6) 27. Nxc5 $18 Bf6 (27... Bf8 $16) 28. Nb3 $2 (28. Rxd4 $18 Bxh4+ 29. Ke2 exd4 30. Nd3 (30. Rxd4 Be7 $16)) 28... Bxh4+ $11 29. Ke2 Rxd3 30. Rxd3 g5 31. a5 {[%emt 0:01:24] Threatens to win with Bd7.} g4 32. Bd7 $1 h5 33. c5 {[%emt 0:02:45] White wants to play c6.} Bg2 34. fxg4 Bxe4 {[%emt 0:01:56] This bishop pair is nice.} 35. Rh3 Bd8 36. Rxh5 Bd5 37. Nd2 Bc7 38. Bf5 Rxa5 39. Rh7 Rxc5 40. Rd7 {[%emt 0:00:00] [#]} (40. Ne4 $11 Bxe4 41. Bxe4) 40... Bc6 $1 $17 41. Re7 {[%emt 0:06:29] [#]} Kf8 $1 42. Rh7 {[%emt 0:00:30] [#]} (42. Re6 Rc3) 42... Rc3 $1 43. Rh8+ Kg7 44. Rh7+ Kf8 {[%emt 0:01:12] ...f3+ is the strong threat.} (44... Kf6 $5 45. Rh6+ Ke7 46. Rh7+ Kd6 47. Rd7+ Bxd7 48. Ne4+ Ke7 49. Nxc3 Be8 $17) 45. Rh8+ $1 Ke7 {[%emt 0:03:45] White must now prevent ...Ba5.} 46. Rh7+ {[%emt 0:00:03] [#]} Kf8 {[%emt 0:00:49] Weighted Error Value: White=0.25 (precise) /Black=0.20 (precise)} (46... Kd6 $1 $17 47. Rd7+ Bxd7 48. Ne4+ Ke7 49. Nxc3 Be8) 1/2-1/2

[Event "2nd Serbia Open Masters 2022"]
[Site "Novi Sad"]
[Date "2022.06.30"]
[Round "3.11"]
[White "Arnaudov, G. Petar"]
[Black "Padmini, Rout"]
[Result "1/2-1/2"]
[ECO "D03"]
[WhiteElo "2467"]
[BlackElo "2348"]
[Annotator "TA"]
[PlyCount "111"]
[EventDate "2022.06.28"]
[EventType "swiss"]
[EventCountry "SRB"]
[SourceTitle "playchess.com"]
[Source "ChessBase"]
[SourceQuality "1"]
[TimeControl "40/5400+30:900+30"]

1. d4 Nf6 2. Nf3 g6 3. Bg5 Bg7 4. Nbd2 d5 5. c3 O-O 6. e3 b6 7. h3 {[%emt 0:05:56] D03: 1 d4 d5 2 Nf3 Nf6 3 Bg5, including Torre Attack with early ...d5.} c5 8. Be2 Ba6 9. Bxa6 Nxa6 10. O-O {[%emt 0:00:14] [#]} Qc8 $146 ({Predecessor:} 10... Qd7 11. Qe2 Qb7 12. Rfe1 Ne4 13. Bxe7 Rfe8 14. Bh4 f5 15. Nxe4 fxe4 16. Nh2 c4 17. f4 exf3 18. gxf3 {1-0 (18) Jugelt,T (2375)-Hybl,J (2235) Pardubice 1996}) 11. Qa4 Qb7 12. b4 b5 13. Qb3 c4 14. Qc2 Nc7 15. a4 a5 {[%emt 0:00:54] Threatens to win with ...axb4.} 16. Rab1 (16. Rfb1 $11 {should be considered.}) 16... Qa6 (16... Rfc8 {seems wilder.} 17. Ne5 e6 18. Bh4 Nfe8) 17. Bf4 Nfe8 18. e4 (18. bxa5 $11 Qxa5 19. axb5 Nxb5 20. Rb4) 18... bxa4 $15 19. Qxa4 axb4 20. Qxb4 {[%emt 0:02:33] [#]} dxe4 $1 21. Bxc7 ({Not} 21. Qxe7 $2 exf3 22. Bxc7 Ra7 $19) ({Wrong is} 21. Nxe4 $2 Nd5 22. Qc5 Nxf4 $19) 21... exf3 22. Bg3 fxg2 23. Rfe1 Nf6 24. Qxc4 Qxc4 25. Nxc4 Rac8 26. Nb6 Rxc3 27. Rxe7 Nh5 28. Nd5 Rd3 29. Nf4 Nxf4 ({Much worse is} 29... Rxd4 $6 30. Nxh5 gxh5 31. Kxg2 $11) 30. Bxf4 Rxd4 31. Be3 Rd5 32. Kxg2 h5 33. Rbb7 Rf5 34. Red7 Rc8 35. Rdc7 Rxc7 36. Rxc7 $17 {[%emt 0:00:05][%mdl 4096] Endgame KRB-KRB} g5 ({Better is} 36... Bf6 $17 37. Rc4 Bg5) 37. Rc5 (37. Rc4 $15) 37... Rxc5 38. Bxc5 {[%emt 0:00:05] KB-KB} f5 39. Be7 {[%emt 0:00:39] [#]} Bh6 $1 40. f3 Kf7 41. Bd8 Kg6 42. Be7 Bg7 43. Bb4 Be5 44. Ba5 Bf4 45. Kf2 Kf6 46. Bd8+ Ke6 47. Ke2 Kf7 48. Kf2 Kg6 ({Black should try} 48... Bc1 $17 49. Ke2 Kg6) 49. Ke2 (49. Ba5 $1 $11 {was the only way to keep the balance.}) 49... Be5 50. Kf1 Bf6 51. Bc7 Kf7 52. Ke2 Ke6 53. Ba5 Kd5 54. Bd2 Kd4 55. Be3+ Kd5 56. Bd2 $1 {[%emt 0:00:23] Weighted Error Value: White=0.12 (very precise) /Black=0.07 (flawless)} 1/2-1/2

[Event "2nd Serbia Open Masters 2022"]
[Site "Novi Sad"]
[Date "2022.06.30"]
[Round "3.12"]
[White "Ioannidis, Evgenios"]
[Black "Anuj Shrivatri"]
[Result "1-0"]
[ECO "D38"]
[WhiteElo "2459"]
[BlackElo "2356"]
[Annotator "TA"]
[PlyCount "117"]
[EventDate "2022.06.28"]
[EventType "swiss"]
[EventCountry "SRB"]
[SourceTitle "playchess.com"]
[Source "ChessBase"]
[SourceQuality "1"]
[TimeControl "40/5400+30:900+30"]

1. d4 Nf6 2. c4 e6 3. Nf3 d5 4. Nc3 Bb4 5. cxd5 exd5 6. Bf4 {[%emt 0:00:29] D38: Queen's Gambit Declined: Ragozin Defence (4 Nf3 Bb4).} O-O {[%emt 0:03:19] 6...Ne4 is the hot move.} 7. e3 Bf5 8. Qb3 {[%emt 0:01:39] White has an edge.} Nc6 9. Nh4 Be6 10. Bd3 Ne4 11. Nf3 Bf5 12. Rd1 Bxc3+ 13. bxc3 Na5 {[%emt 0:00:12] [#] Pair of Knights!} 14. Qc2 $146 ({Predecessor:} 14. Qb4 c6 15. a4 a6 16. Ra1 b5 17. axb5 axb5 18. O-O Nc4 19. Ne5 Nxe5 20. Bxe5 {½-½ (46) Navara,D (2682)-Sunilduth Lyna,N (2662) Prague 2022}) 14... Qe7 15. Nd2 Nc4 16. Nxe4 (16. Nxc4 dxc4 17. Bxe4 (17. Bxc4 Ng3 $17) 17... Bxe4 $15) (16. Bxe4 {keeps more tension.} Bxe4 17. Nxe4 dxe4 18. Qb3) 16... Bxe4 17. Bxe4 Qxe4 18. Qxe4 dxe4 19. Rb1 Nd6 ({Better is} 19... b6 $14) 20. Ke2 (20. Bxd6 $142 cxd6 21. Rxb7) 20... b6 $16 21. c4 Rfc8 22. Rhc1 Nf5 23. Rb5 Nd6 24. Rd5 Ne8 25. Rd7 Kf8 26. c5 c6 27. Be5 b5 28. f3 $36 {[%emt 0:10:30][%mdl 2048] Black is under strong pressure.} exf3+ 29. Kxf3 Rd8 30. Rb7 {[%emt 0:00:19] 0x0.001b69f49a2ddp-1022s more active pieces. The black rooks are badly placed.} f6 31. Bg3 Kg8 (31... a5 $16 32. Rd1 h6) 32. a4 $18 a6 33. Ra1 Rdc8 34. Rb6 bxa4 35. Rxa4 a5 36. Be1 f5 37. Rxa5 Rxa5 38. Bxa5 $16 {[%emt 0:00:02][%mdl 4096] Endgame KRB-KRN} Nf6 39. Be1 {[%emt 0:02:21] Strongly threatening Bg3.} Nd5 {[%emt 0:00:00] [#]} (39... g5 $16 {was worth a try.} 40. Bg3 Ne4) 40. Bg3 $1 $18 Re8 41. Rxc6 Rxe3+ 42. Kf2 Rc3 43. Be5 (43. Rd6 $18 Nf6 44. Ke2) 43... Rc2+ $16 44. Ke1 (44. Kg3 $16) 44... Ne3 (44... g5 $11 {keeps the balance.}) 45. Bf4 $1 Nxg2+ 46. Kd1 Rc4 47. Be5 {[%emt 0:00:03] Hoping for Rc7.} f4 (47... Ne3+ $16 48. Kd2 Ng4) 48. Rc7 ({White should play} 48. Ke2 $18) 48... Ne3+ $2 {[%emt 0:03:06][%mdl 8192] Loses the game.} (48... f3 $1 $14 49. Rxg7+ Kf8) 49. Ke2 $18 Nf5 50. c6 Kf8 51. Rc8+ (51. Kd3 f3 $1 52. Rb7 (52. Kxc4 f2 $15) 52... Rxc6 $11) 51... Kf7 {[%emt 0:00:10] [#]} (51... Ke7 $142 52. c7 (52. Kd3 f3 $11) 52... Nd6) 52. c7 $1 ({Stronger than} 52. Kd3 {[#]} f3 $1 53. Rb8 (53. Kxc4 $2 {perishes.} f2 $19) 53... Rxc6 $11) 52... Ne7 53. Rd8 Ke6 54. Bxf4 g5 55. Kd3 {[%emt 0:01:18] White mates.} Rc6 56. d5+ Nxd5 {[%emt 0:00:07] [#]} 57. Rd6+ $1 Rxd6 58. c8=Q+ Rd7 59. Qc6+ {[%emt 0:00:04] Weighted Error Value: White=0.17 (very precise) /Black=0.47} 1-0

[Event "2nd Serbia Open Masters 2022"]
[Site "Novi Sad"]
[Date "2022.06.30"]
[Round "3.13"]
[White "Shyaamnikhil P"]
[Black "Kushagra Mohan"]
[Result "1/2-1/2"]
[ECO "B15"]
[WhiteElo "2443"]
[BlackElo "2343"]
[Annotator "TA"]
[PlyCount "71"]
[EventDate "2022.06.28"]
[EventType "swiss"]
[EventCountry "SRB"]
[SourceTitle "playchess.com"]
[Source "ChessBase"]
[SourceQuality "1"]
[TimeControl "40/5400+30:900+30"]

1. e4 c6 2. d4 d5 3. Nc3 dxe4 4. Nxe4 Nf6 5. Nxf6+ exf6 6. c3 Bd6 7. Bd3 O-O 8. Ne2 Re8 9. O-O {[%emt 0:00:28] B15: Caro-Kann: 3 Nc3: 3...g6 and 3...dxe4 4 Nxe4 Nf6 5 Nxf6+ exf6.} Nd7 10. Ng3 Nf8 11. Nf5 {[%emt 0:10:07] The position is equal.} Bc7 12. Qf3 {[%emt 0:05:53] [#]} Be6 $146 ({Predecessor:} 12... g6 13. Nh6+ Kg7 14. Ng4 f5 15. Bh6+ Kg8 16. Ne3 Qh4 17. Qh3 Qxh3 18. gxh3 Ne6 {0-1 (49) Jiang,B (1954)-Vazquez,G (2527) Chess.com INT 2020}) 13. h4 g6 14. Nh6+ Kg7 15. Ng4 Bxg4 16. Qxg4 h5 17. Qf3 Qd6 {[%emt 0:00:44][%csl Gc7][%cal Rd6h2] [#]} 18. g3 Ne6 19. Bc4 Rad8 20. Bd2 b5 21. Bb3 c5 22. Bxe6 fxe6 (22... Rxe6 $11 23. Bf4 Qb6) 23. Be3 (23. a4 {looks sharper.} bxa4 24. Rxa4 cxd4 25. Rxa7 dxc3 26. Bxc3 Rf8 27. Rfa1) 23... c4 24. Qb7 (24. a4 {is interesting.} b4 25. cxb4 Qxb4 26. Rfc1) 24... Qb6 25. Qxb6 (25. Qe4 {is more complex.} Rd5 26. a4 a5 27. Rfe1) 25... Bxb6 26. a4 Rd5 27. Rfe1 a5 28. Re2 b4 29. Rc1 {[%emt 0:02:27] And now cxb4 would win.} b3 30. Bf4 Kf7 31. Rce1 Re7 32. Kg2 Re8 33. Re4 Bd8 34. R4e2 Re7 35. Re4 Re8 36. R4e2 {[%emt 0:00:04] Weighted Error Value: White=0.10 (very precise) /Black=0.12 (very precise)} 1/2-1/2

[Event "2nd Serbia Open Masters 2022"]
[Site "Novi Sad"]
[Date "2022.06.30"]
[Round "3.14"]
[White "Agmanov, Zhandos"]
[Black "Chitlange Sakshi"]
[Result "1/2-1/2"]
[ECO "B12"]
[WhiteElo "2420"]
[BlackElo "2216"]
[Annotator "TA"]
[PlyCount "142"]
[EventDate "2022.06.28"]
[EventType "swiss"]
[EventCountry "SRB"]
[SourceTitle "playchess.com"]
[Source "ChessBase"]
[SourceQuality "1"]
[TimeControl "40/5400+30:900+30"]

1. e4 c6 2. d4 d5 3. e5 Bf5 4. Nf3 e6 5. Be2 Nd7 6. O-O h6 7. a4 {[%emt 0:01:39] 7.c3 is setting a new trend. B12: Caro-Kann: Advance Variation.} a6 8. a5 g5 9. Ne1 c5 10. c3 Ne7 {[%emt 0:03:29] [#]} 11. dxc5 $146 (11. Be3 $11) ({Predecessor:} 11. Bd3 Qc7 12. f4 g4 13. dxc5 Nxc5 14. Be2 h5 15. Be3 Bxb1 16. Rxb1 Nf5 17. Bd4 {0-1 (44) Karjakin,S (2775)-Kamsky,G (2762) Beijing 2012}) 11... Nxc5 12. Nf3 Bg7 13. Re1 Qc7 14. h3 O-O (14... Bxe5 $2 15. Nxe5 f6 16. Nd3 $18) 15. Be3 Nd7 16. Nbd2 Nxe5 17. Bb6 Nxf3+ 18. Bxf3 Qd7 19. Nb3 Nc8 (19... Rac8 $17) 20. Bd4 $11 Nd6 21. Nc5 Qc7 22. Bxg7 Kxg7 23. Qd4+ Kh7 24. b4 Rad8 25. Rad1 Rg8 26. Qe5 {[%emt 0:00:45] [#]} (26. Be2 $11) 26... g4 $1 $17 27. hxg4 Bxg4 28. Be4+ dxe4 $19 29. Nxe4 Nb5 $2 (29... Bxd1 $19 30. Nf6+ Kg6) 30. Nf6+ $11 Kg6 $1 {[%emt 0:01:40] Threatens to win with ...Qxe5.} 31. Qxc7 {[%emt 0:02:22] The board is on fire.} Nxc7 32. Nxg4 Nd5 33. Rd4 (33. Rd3 $11) 33... Nxc3 $15 34. Ne5+ Kg7 35. Rf4 f6 36. Rg4+ {[%emt 0:00:55] [#]} (36. Rf3 $15) 36... Kf8 $1 $17 37. Rxg8+ Kxg8 {[%emt 0:00:01][%mdl 4096] Endgame KRN-KRN} 38. Ng4 Rd4 39. f3 ({White should play} 39. Nxf6+ Kf7 40. Re3) 39... Kf7 ({Not} 39... Rxb4 40. Rxe6 h5 41. Nxf6+ Kf7 42. Rd6 $15) 40. Nxh6+ Kg6 41. Ng4 e5 ({Weaker is} 41... Rxb4 42. Rxe6 Nd5 43. Rd6 $11) 42. Kh2 Rxb4 43. Ne3 $2 (43. Ra1 {was worth a try.}) 43... Rh4+ 44. Kg3 Ra4 45. Rh1 Rxa5 46. Rh8 Ra4 47. Rg8+ Kf7 48. Rc8 Nb5 49. Kf2 Rb4 50. Nf5 (50. Ke1 $142) 50... a5 $19 51. Rb8 Nd4 52. Nd6+ Ke7 53. Nxb7 Rb2+ 54. Kg3 Nf5+ 55. Kh3 Nd6 $2 (55... a4 $19 {Strongly threatening ...Rb4.} 56. Rh8 Rb1) 56. Nxa5 $11 {[%emt 0:00:07] The position is equal.} Rxb8 57. Nc6+ Ke6 {[%emt 0:00:54] ( -> ...Rb6)} 58. Nxb8 {[%emt 0:00:05] KN-KN} Kf5 59. Nc6 Kg5 60. g3 e4 61. f4+ Kg6 62. g4 Kf7 63. f5 Kg7 64. Kg3 Kh6 65. Nd4 e3 ({Don't take} 65... Kg5 66. Ne6+ Kh6 67. Kf4 $16) 66. Nc2 Nc4 67. Kf3 Kg5 68. Nb4 Ne5+ 69. Kxe3 Nxg4+ 70. Ke2 Kxf5 71. Nd5 Ke5 {[%emt 0:00:50] Black had all chances to win.  Weighted Error Value: White=0.25 (precise) /Black=0.25 (precise)} 1/2-1/2

[Event "2nd Serbia Open Masters 2022"]
[Site "Novi Sad"]
[Date "2022.06.30"]
[Round "3.15"]
[White "Urazayev, Arystanbek"]
[Black "Makridis, Dimitrios"]
[Result "1/2-1/2"]
[ECO "D37"]
[WhiteElo "2445"]
[BlackElo "2082"]
[Annotator "TA"]
[PlyCount "130"]
[EventDate "2022.06.28"]
[EventType "swiss"]
[EventCountry "SRB"]
[SourceTitle "playchess.com"]
[Source "ChessBase"]
[SourceQuality "1"]
[TimeControl "40/5400+30:900+30"]

1. d4 d5 2. Nf3 Nf6 3. c4 e6 4. Nc3 h6 5. a3 c6 6. e3 {[%emt 0:00:53] D37: Queen's Gambit Declined: 5 Bf4.} Bd6 7. Qc2 Nbd7 8. Bd3 Qe7 {[%emt 0:00:00] [#]} 9. c5 $146 ({Predecessor:} 9. O-O O-O 10. Re1 dxc4 11. Bxc4 e5 12. dxe5 Nxe5 13. Nxe5 Bxe5 14. f4 Bxf4 {0-1 (14) Raessler,A (1931)-Emmrich,O (1896) Mecklenburg VP 2018}) 9... Bc7 10. e4 dxe4 11. Nxe4 Nxe4 12. Bxe4 f5 13. Bd3 e5 14. Bc4 (14. dxe5 $11 Nxe5 15. Nxe5 Qxe5+ 16. Kf1) 14... e4 15. Ng1 Nf6 16. Ne2 {[%emt 0:00:00] Against f4} Be6 17. Nf4 Bxc4 18. Qxc4 Bxf4 (18... Rh7 $17 19. Ne6 Nd5 20. Nxc7+ Qxc7) 19. Bxf4 $15 Qf7 20. Qc2 O-O 21. O-O Nd5 22. Be5 Qg6 23. Rae1 Rae8 24. f3 e3 25. f4 Rf7 26. Rf3 Qe6 27. h3 Qg6 28. Kh2 Qh5 29. Qe2 Qh4 30. Ref1 Kh7 31. b4 a6 32. Qd3 Kg8 33. Rg3 Qh5 34. Re1 Qh4 35. Rexe3 Nxe3 36. Qxe3 g5 (36... Qe7 $11) 37. Kg1 (37. fxg5 $2 f4 38. g6 fxe3 $19) 37... Re6 38. Qb3 (38. fxg5 $2 f4 39. g6 fxe3 $19) 38... Rxe5 39. dxe5 (39. fxe5 Qxd4+ 40. Kf1 Qa1+ 41. Kf2 Qd4+ 42. Kf1 Qa1+ 43. Kf2 Qxe5 $15) 39... Qxf4 $11 {[%emt 0:00:07][%mdl 4096] Endgame KQR-KQR} 40. e6 Re7 41. Re3 Qd4 {[%emt 0:01:42] [#] White must now prevent ...f4.} 42. Kh1 Kg7 43. Re1 Kf6 44. Qa2 {[%emt 0:00:09] Against Qd2} h5 45. Qb3 h4 46. Qa2 {[%emt 0:00:38] Against Qd2} Qc3 47. Qe2 Qg3 48. Qd2 Kg6 (48... Rxe6 {leads to mate.} 49. Qd8+ Kg7 50. Rxe6) 49. a4 Kf6 50. Qd4+ Kg6 51. Qd2 Kf6 52. Re3 Qf4 {[%emt 0:00:14] Inhibits Qd4+.} 53. Kg1 Kg6 (53... Rxe6 $2 54. Qd8+ Kf7 55. Qd7+ Kf8 56. Qxe6 $18) 54. Qc3 Kh7 $2 ({Black should play} 54... a5 $11) 55. Re2 $2 {[%emt 0:00:29] White is more active.} (55. Rf3 $16 Qe4 56. Qf6 Rxe6 57. Qxg5) 55... Kg6 56. Re3 $2 (56. Qh8 $11) 56... Kh7 $18 57. Rd3 $2 (57. Rf3 $18 Qe4 58. Qf6 Rxe6 59. Qxg5) 57... Qe4 $11 58. Rd8 {[%emt 0:00:23] [#] Intending Qh8+ and mate.} f4 (58... Qxe6 $2 59. Qh8+ Kg6 60. Rd6 $18) (58... Rg7 $11) 59. Qh8+ $14 Kg6 60. Qg8+ Kh5 61. Qh8+ Kg6 62. Qg8+ Kh5 {[%emt 0:00:05] The position is equal.} 63. Kh2 {[%emt 0:00:16] Threatens to win with Qh8+.} Qe5 {[%emt 0:00:57] ( -> ...f3+)} ({But not} 63... Qxe6 64. Qh8+ Qh6 65. Qc3 $16) 64. Kh1 Qe1+ 65. Kh2 Qg3+ {[%emt 0:00:21] Weighted Error Value: White=0.13 (very precise) /Black=0.10 (very precise)} ({Resist} 65... Qxe6 66. Qh8+ Qh6 67. Qc3 $18) 1/2-1/2

[Event "2nd Serbia Open Masters 2022"]
[Site "Novi Sad"]
[Date "2022.06.30"]
[Round "3.16"]
[White "Eren, Ataberk"]
[Black "Samant Aditya S"]
[Result "1/2-1/2"]
[ECO "E35"]
[WhiteElo "2273"]
[BlackElo "2433"]
[Annotator "TA"]
[PlyCount "83"]
[EventDate "2022.06.28"]
[EventType "swiss"]
[EventCountry "SRB"]
[SourceTitle "playchess.com"]
[Source "ChessBase"]
[SourceQuality "1"]
[TimeControl "40/5400+30:900+30"]

1. d4 Nf6 2. c4 e6 3. Nc3 Bb4 4. Qc2 d5 5. cxd5 exd5 6. Bg5 h6 7. Bxf6 Qxf6 8. a3 Bxc3+ 9. Qxc3 O-O 10. e3 Bf5 11. Nf3 c6 12. Be2 Nd7 13. O-O {[%emt 0:00:07] The position is equal.} Qd6 {[%emt 0:03:47] 13...Bg4 is setting a new trend. E35: Nimzo-Indian: Classical: 4...d5 5 cxd5 exd5.} 14. b4 Nf6 {[%emt 0:06:58] [#]} 15. Qc5 $146 ({Predecessor:} 15. Rfc1 Ne4 16. Qb2 Rac8 17. Bd3 Qf6 18. Bxe4 Bxe4 19. Nd2 Bf5 20. Rc3 Qg6 21. Kh1 {½-½ (48) Hryharovich,A (2100)-Runets,I (2194) Minsk 2022}) 15... Ne4 16. Qxd6 Nxd6 17. Nd2 a5 18. Rfc1 Rfc8 19. Nb3 axb4 20. axb4 Kf8 21. g4 Bd7 22. Nc5 Ke7 23. Na4 Rcb8 24. Nb6 Rxa1 25. Rxa1 Be6 26. Ra5 Kd8 27. f3 Kc7 28. Na8+ Kd7 29. Nb6+ Kc7 30. Na4 b6 31. Ra7+ Rb7 32. Ra8 Nc8 33. h4 Ra7 34. Rxa7+ Nxa7 $11 {[%emt 0:00:01][%mdl 4096] Endgame KBN-KBN} 35. Kf2 Bd7 36. Nb2 Kd6 37. Nd3 g5 38. h5 f6 39. e4 dxe4 40. fxe4 Nb5 41. Ke3 Na3 {[%emt 0:02:59] [#] ...Nc2+ is the strong threat.} 42. Kd2 {[%emt 0:11:59] Inhibits Nc2. A rather calm draw.  Weighted Error Value: White=0.02 (flawless) /Black=0.02 (flawless)} 1/2-1/2